NCAA
AUBURN TIGERS @ SAINT JOHN'S RED STORM
04/04/2029
 
TOP OF THE 1ST
Auburn Tigers batting - Pitching for Saint John's Red Storm : RHP Brady Adkins
Pitching: RHP Brady Adkins
Batting: SHB Andrew Johnson 0-0: Ball
1-0: Foul Ball, location: 2F
1-1: Foul Ball, location: 2F
1-2: Ball
2-2: Ground out U3 (Groundball, 3L)
Batting: RHB Ed McVinish 0-0: Ground out U3 (Groundball, 34S)
Batting: SHB Anthony Thomas 0-0: Called Strike
0-1: Ball
1-1: Ball
2-1: Foul Ball, location: 2F
2-2: Ball
3-2: Fly out, F8 (Flyball, 89D)
Top of the 1st over - 0 runs, 0 hits, 0 errors, 0 left on base; Auburn 0 - Saint John's 0
BOTTOM OF THE 1ST
Saint John's Red Storm batting - Pitching for Auburn Tigers : RHP Jorge Cruz
Pitching: RHP Jorge Cruz
Batting: SHB Roderick Thurman 0-0: Ball
1-0: Ball
2-0: Called Strike
2-1: Ball
3-1: Ground out 6-3 (Groundball, 6)
Batting: LHB Larry Bradley 0-0: Ball
1-0: SINGLE (Groundball, 34D)
Batting: LHB Richard Shelton 0-0: Foul Ball, location: 2F
0-1: Ball
1-1: Ball
2-1: Called Strike
2-2: Ball
3-2: Fly out, F5 (Popup, 5S)
Batting: RHB Thomas Barnes 0-0: Ball
1-0: Ball
2-0: Fielders Choice at 2nd, 5-4 (Groundball, 56)
Bottom of the 1st over - 0 runs, 1 hit, 0 errors, 1 left on base; Auburn 0 - Saint John's 0
TOP OF THE 2ND
Auburn Tigers batting - Pitching for Saint John's Red Storm : RHP Brady Adkins
Batting: RHB Vincente Martínez 0-0: Ball
1-0: Called Strike
1-1: Foul Ball, location: 2F
1-2: Foul Ball, location: 2F
1-2: SINGLE (Groundball, 56D)
Batting: LHB Emmett Logan 0-0: Called Strike
0-1: Called Strike
0-2: Fly out, F7 (Line Drive, 7S)
Batting: LHB Armando Vázquez 0-0: Swinging Strike
0-1: Foul Ball, location: 2F
0-2: Strikes out swinging
Batting: SHB Wayne Tressler 0-0: Foul Ball, location: 2F
0-1: SINGLE (Line Drive, 56D)
Vincente Martínez to second
Batting: RHB Mike Brown 0-0: Fly out, F8 (Line Drive, 8LD)
Top of the 2nd over - 0 runs, 2 hits, 0 errors, 2 left on base; Auburn 0 - Saint John's 0
BOTTOM OF THE 2ND
Saint John's Red Storm batting - Pitching for Auburn Tigers : RHP Jorge Cruz
Batting: LHB Roger Faulkner 0-0: Called Strike
0-1: Called Strike
0-2: Ball
1-2: Strikes out swinging
Batting: RHB Mark Lester 0-0: Called Strike
0-1: Ball
1-1: Fly out, F7 (Flyball, 78M)
Batting: SHB Javier Rosado 0-0: Called Strike
0-1: Swinging Strike
0-2: Foul Ball, location: 2F
0-2: Ball
1-2: Strikes out swinging
Bottom of the 2nd over - 0 runs, 0 hits, 0 errors, 0 left on base; Auburn 0 - Saint John's 0
TOP OF THE 3RD
Auburn Tigers batting - Pitching for Saint John's Red Storm : RHP Brady Adkins
Batting: LHB Julián Icaza 0-0: Ball
1-0: Ball
2-0: Bunt for hit - play at first, batter safe!
Batting: SHB Andrew Johnson 0-0: Called Strike
0-1: Ball
1-1: Hit by Pitch
Julián Icaza to second
Batting: RHB Ed McVinish 0-0: Ball
1-0: Ball
2-0: Called Strike
2-1: Called Strike
2-2: Strikes out swinging
Batting: SHB Anthony Thomas 0-0: Called Strike
Julián Icaza steals 3rd base
Andrew Johnson to second
0-1: SINGLE (Line Drive, 56)
Julián Icaza scores
Andrew Johnson to third
Runner from 3rd tries for Home, throw and OUT!
Batting: RHB Vincente Martínez 0-0: Ball
1-0: Ball
2-0: Fly out, F8 (Flyball, 8RM)
Top of the 3rd over - 1 run, 2 hits, 0 errors, 1 left on base; Auburn 1 - Saint John's 0
BOTTOM OF THE 3RD
Saint John's Red Storm batting - Pitching for Auburn Tigers : RHP Jorge Cruz
Batting: RHB Mike McCray 0-0: Called Strike
0-1: Hit by Pitch
Batting: RHB Pete King 0-0: Foul Ball, location: 2F
0-1: Foul Ball, location: 2F
0-2: Strikes out looking
Batting: SHB Roderick Thurman 0-0: Called Strike
0-1: Called Strike
0-2: Foul Ball, location: 2F
0-2: Ball
1-2: Foul Ball, location: 2F
1-2: Strikes out looking
Batting: LHB Larry Bradley 0-0: Ball
1-0: Ball
2-0: SINGLE (Groundball, 4MD)
Mike McCray to second
Runner from 2nd tries for 3rd, SAFE, throw made to third
Batting: LHB Richard Shelton 0-0: Ball
1-0: Foul Ball, location: 2F
1-1: Ball
2-1: Called Strike
2-2: Ball
3-2: Base on Balls
Larry Bradley to second
Batting: RHB Thomas Barnes 0-0: Ground out 1-3 (Groundball, P)
Bottom of the 3rd over - 0 runs, 1 hit, 0 errors, 3 left on base; Auburn 1 - Saint John's 0
TOP OF THE 4TH
Auburn Tigers batting - Pitching for Saint John's Red Storm : RHP Brady Adkins
Batting: LHB Emmett Logan 0-0: Ball
1-0: Ground out 4-3 (Groundball, 4)
Batting: LHB Armando Vázquez 0-0: Ball
1-0: Fly out, F9 (Flyball, 9S)
Batting: SHB Wayne Tressler 0-0: Swinging Strike
0-1: Swinging Strike
0-2: Foul Ball, location: 2F
0-2: Ball
1-2: Strikes out looking
Top of the 4th over - 0 runs, 0 hits, 0 errors, 0 left on base; Auburn 1 - Saint John's 0
BOTTOM OF THE 4TH
Saint John's Red Storm batting - Pitching for Auburn Tigers : RHP Jorge Cruz
Batting: LHB Roger Faulkner 0-0: Ball
1-0: Foul Ball, location: 2F
1-1: Fly out, F9 (Line Drive, 9)
Batting: RHB Mark Lester 0-0: Called Strike
0-1: Ball
1-1: Called Strike
1-2: Fly out, F8 (Flyball, 78D)
Batting: SHB Javier Rosado 0-0: Ball
1-0: Foul Ball, location: 2F
1-1: Foul Ball, location: 2F
1-2: Strikes out swinging
Bottom of the 4th over - 0 runs, 0 hits, 0 errors, 0 left on base; Auburn 1 - Saint John's 0
TOP OF THE 5TH
Auburn Tigers batting - Pitching for Saint John's Red Storm : RHP Brady Adkins
Batting: RHB Mike Brown 0-0: Ball
1-0: Fly out, F8 (Line Drive, 8LM)
Batting: LHB Julián Icaza 0-0: Swinging Strike
0-1: Ball
1-1: Ground out 4-3 (Groundball, 4)
Batting: SHB Andrew Johnson 0-0: Ball
1-0: Swinging Strike
1-1: Ball
2-1: Ball
3-1: Swinging Strike
3-2: Foul Ball, location: 2F
3-2: Strikes out swinging
Top of the 5th over - 0 runs, 0 hits, 0 errors, 0 left on base; Auburn 1 - Saint John's 0
BOTTOM OF THE 5TH
Saint John's Red Storm batting - Pitching for Auburn Tigers : RHP Jorge Cruz
Batting: RHB Mike McCray 0-0: Ball
1-0: Ball
2-0: Called Strike
2-1: Called Strike
2-2: Ball
3-2: Foul Ball, location: 2F
3-2: Strikes out swinging
Batting: RHB Pete King 0-0: Called Strike
0-1: Swinging Strike
0-2: Ball
1-2: Foul Ball, location: 2F
1-2: Strikes out looking
Batting: SHB Roderick Thurman 0-0: Swinging Strike
0-1: Ball
1-1: Swinging Strike
1-2: Ball
2-2: Ground out 5-3 (Groundball, 56)
Bottom of the 5th over - 0 runs, 0 hits, 0 errors, 0 left on base; Auburn 1 - Saint John's 0
TOP OF THE 6TH
Auburn Tigers batting - Pitching for Saint John's Red Storm : RHP Brady Adkins
Batting: RHB Ed McVinish 0-0: Called Strike
0-1: Ball
1-1: Ball
2-1: Foul Ball, location: 2F
2-2: Foul Ball, location: 2F
2-2: Strikes out swinging
Batting: SHB Anthony Thomas 0-0: Ball
1-0: Ball
2-0: Foul Ball, location: 2F
2-1: Called Strike
2-2: Ground out 4-3 (Groundball, 4)
Batting: RHB Vincente Martínez 0-0: Ball
1-0: Ball
2-0: Called Strike
2-1: Foul Ball, location: 2F
2-2: Ball
3-2: Base on Balls
Pitching: RHP Teddy Morales
Batting: LHB Emmett Logan 0-0: Called Strike
0-1: Swinging Strike
0-2: Foul Ball, location: 2F
0-2: Ball
1-2: Foul Ball, location: 2F
1-2: Foul Ball, location: 2F
1-2: Ball
2-2: Ball
3-2: Base on Balls
Vincente Martínez to second
Batting: LHB Armando Vázquez 0-0: Swinging Strike
0-1: Ball
1-1: Ball
2-1: Foul Ball, location: 2F
2-2: SINGLE (Groundball, 4S) (infield hit)
Vincente Martínez to third
Emmett Logan to second
Batting: SHB Wayne Tressler 0-0: Called Strike
0-1: Swinging Strike
0-2: Ball
1-2: Ball
2-2: SINGLE (Flyball, 89S)
Vincente Martínez scores
Emmett Logan to third
Armando Vázquez to second
Runner from 3rd tries for Home, SAFE, no throw
Batting: RHB Mike Brown 0-0: Called Strike
0-1: Ball
1-1: Ball
2-1: Ball
3-1: Base on Balls
Armando Vázquez to third
Wayne Tressler to second
Batting: LHB Julián Icaza 0-0: Foul Ball, location: 2F
0-1: Foul Ball, location: 2F
0-2: Ball
1-2: Ball
2-2: Ground out U3 (Groundball, 3L)
Top of the 6th over - 2 runs, 2 hits, 0 errors, 3 left on base; Auburn 3 - Saint John's 0
BOTTOM OF THE 6TH
Saint John's Red Storm batting - Pitching for Auburn Tigers : RHP Jorge Cruz
Batting: LHB Larry Bradley 0-0: Hit by Pitch
Batting: LHB Richard Shelton 0-0: Ball
1-0: Ball
2-0: Ball
3-0: Base on Balls
Larry Bradley to second
Pitching: RHP Kelvin Wood
Batting: RHB Thomas Barnes 0-0: Ball
1-0: Ball
2-0: Foul Ball, location: 2F
2-1: Ball
3-1: Foul Ball, location: 2F
3-2: Strikes out swinging
Batting: LHB Roger Faulkner 0-0: Ball
1-0: Ball
2-0: Ball
3-0: Base on Balls
Larry Bradley to third
Richard Shelton to second
Batting: RHB Mark Lester 0-0: Ball
1-0: Ball
2-0: Grounds into double play, 5-4-3 (Groundball, 56)
Bottom of the 6th over - 0 runs, 0 hits, 0 errors, 2 left on base; Auburn 3 - Saint John's 0
TOP OF THE 7TH
Auburn Tigers batting - Pitching for Saint John's Red Storm : RHP Teddy Morales
Batting: SHB Andrew Johnson 0-0: DOUBLE (Line Drive, 89D)
Batting: RHB Ed McVinish 0-0: Ball
1-0: Ball
2-0: Foul Ball, location: 2F
2-1: Ball
3-1: Fly out, F8 (Flyball, 8RM)
Batting: SHB Anthony Thomas 0-0: Ball
1-0: Ball
2-0: Called Strike
2-1: Foul Ball, location: 2F
2-2: Foul Ball, location: 2F
2-2: Fly out, F7 (Flyball, 7LD)
Runner from 2nd tags up, SAFE at 3rd, no throw
Batting: RHB Vincente Martínez 0-0: Ball
1-0: Ball
2-0: Ball
3-0: Base on Balls
Pitching: LHP Leonard Herrera
Batting: LHB Emmett Logan 0-0: Ball
1-0: Ball
2-0: Ball
3-0: Called Strike
3-1: Swinging Strike
3-2: Base on Balls
Vincente Martínez to second
Pinch Hitting: RHB Lou Perry 0-0: Ball
1-0: Ball
2-0: Ball
3-0: Base on Balls
Andrew Johnson scores
Vincente Martínez to third
Emmett Logan to second
Pitching: RHP Steve Batten
Batting: SHB Wayne Tressler 0-0: Ball
1-0: Ball
2-0: Foul Ball, location: 2F
2-1: Ball
3-1: Base on Balls
Vincente Martínez scores
Emmett Logan to third
Lou Perry to second
Batting: RHB Mike Brown 0-0: Ball
1-0: Ball
2-0: Ball
3-0: Base on Balls
Emmett Logan scores
Lou Perry to third
Wayne Tressler to second
Batting: LHB Julián Icaza 0-0: Called Strike
0-1: Swinging Strike
0-2: Ball
1-2: Strikes out looking
Top of the 7th over - 3 runs, 1 hit, 0 errors, 3 left on base; Auburn 6 - Saint John's 0
BOTTOM OF THE 7TH
Saint John's Red Storm batting - Pitching for Auburn Tigers : RHP Kelvin Wood
Now at 2B: Lou Perry
Batting: SHB Javier Rosado 0-0: Called Strike
0-1: Ball
1-1: Ball
2-1: SINGLE (Flyball, 8LS)
Batting: RHB Mike McCray 0-0: Called Strike
0-1: Ball
1-1: Foul Ball, location: 2F
1-2: Ball
2-2: Ball
3-2: Foul Ball, location: 2F
3-2: Strikes out swinging
Batting: RHB Pete King 0-0: Ball
1-0: Swinging Strike
1-1: Ball
2-1: Ball
3-1: Base on Balls
Javier Rosado to second
Batting: SHB Roderick Thurman 0-0: Called Strike
0-1: Fielders Choice at 2nd, 4-6 (Groundball, 4)
Javier Rosado to third
Batting: LHB Larry Bradley 0-0: Ball
1-0: Ball
2-0: Ball
3-0: Base on Balls
Roderick Thurman to second
Batting: LHB Richard Shelton 0-0: Ground out 4-3 (Groundball, 34D)
Bottom of the 7th over - 0 runs, 1 hit, 0 errors, 3 left on base; Auburn 6 - Saint John's 0
TOP OF THE 8TH
Auburn Tigers batting - Pitching for Saint John's Red Storm : RHP Steve Batten
Batting: SHB Andrew Johnson 0-0: Ball
1-0: Called Strike
1-1: Ball
2-1: Foul Ball, location: 2F
2-2: Ground out U3 (Groundball, 34)
Batting: RHB Ed McVinish 0-0: Ball
1-0: Foul Ball, location: 2F
1-1: Swinging Strike
1-2: Ball
2-2: Foul Ball, location: 2F
2-2: Ball
3-2: Base on Balls
Batting: SHB Anthony Thomas 0-0: Ball
1-0: Called Strike
1-1: Called Strike
1-2: Grounds into double play, 6-4-3 (Groundball, 6)
Top of the 8th over - 0 runs, 0 hits, 0 errors, 0 left on base; Auburn 6 - Saint John's 0
BOTTOM OF THE 8TH
Saint John's Red Storm batting - Pitching for Auburn Tigers : RHP Kelvin Wood
Now in CF: Terry Cochrane
Batting: RHB Thomas Barnes 0-0: Called Strike
0-1: Foul Ball, location: 2F
0-2: Foul Ball, location: 2F
0-2: Fly out, F8 (Line Drive, 89D)
Batting: LHB Roger Faulkner 0-0: Called Strike
0-1: Ball
1-1: SOLO HOME RUN (Flyball, 8LXD), Distance : 398 ft
Batting: RHB Mark Lester 0-0: Swinging Strike
0-1: SINGLE (Flyball, 7LS)
Pitching: LHP Raúl Gómez
Batting: SHB Javier Rosado 0-0: Ball
1-0: Called Strike
1-1: Swinging Strike
1-2: Ball
2-2: Strikes out swinging
Batting: RHB Mike McCray 0-0: SINGLE (Groundball, 56) (infield hit)
Mark Lester to second
Batting: RHB Pete King 0-0: Ground out 4-3 (Groundball, 4)
Bottom of the 8th over - 1 run, 3 hits, 0 errors, 2 left on base; Auburn 6 - Saint John's 1
TOP OF THE 9TH
Auburn Tigers batting - Pitching for Saint John's Red Storm : RHP Steve Batten
Batting: RHB Vincente Martínez 0-0: Ball
1-0: Called Strike
1-1: Ball
2-1: Foul Ball, location: 2F
2-2: Fly out, F9 (Flyball, 9D)
Batting: LHB Emmett Logan 0-0: Foul Ball, location: 2F
0-1: Foul Ball, location: 2F
0-2: Ground out U3 (Groundball, 3)
Batting: RHB Lou Perry 0-0: Called Strike
0-1: Ball
1-1: Ball
2-1: Ball
3-1: Base on Balls
Batting: SHB Wayne Tressler 0-0: Called Strike
0-1: Ball
1-1: Foul Ball, location: 2F
1-2: Ball
2-2: Foul Ball, location: 2F
2-2: Foul Ball, location: 2F
2-2: Foul Ball, location: 2F
2-2: Ground out 6-3 (Groundball, 6M)
Top of the 9th over - 0 runs, 0 hits, 0 errors, 1 left on base; Auburn 6 - Saint John's 1
BOTTOM OF THE 9TH
Saint John's Red Storm batting - Pitching for Auburn Tigers : LHP Raúl Gómez
Batting: SHB Roderick Thurman 0-0: Swinging Strike
0-1: Foul Ball, location: 2F
0-2: Ball
1-2: Ball
2-2: Ball
3-2: Base on Balls
Batting: LHB Larry Bradley 0-0: Foul Ball, location: 2F
0-1: Swinging Strike
0-2: Foul Ball, location: 2F
0-2: Strikes out swinging
Batting: LHB Richard Shelton 0-0: Ball
1-0: Called Strike
1-1: Ground out U3 (Groundball, 3L)
Roderick Thurman to second
Batting: RHB Thomas Barnes 0-0: Ball
1-0: Called Strike
1-1: Foul Ball, location: 2F
1-2: Foul Ball, location: 2F
1-2: Ball
2-2: Foul Ball, location: 2F
2-2: Strikes out swinging
Bottom of the 9th over - 0 runs, 0 hits, 0 errors, 1 left on base; Auburn 6 - Saint John's 1
Saturday, December 16th, 2017 - OOTP Baseball 18.8 Build 76